 Dungeon Crawl Stone Soup version 0.20-a0-792-g09bcfd3 (webtiles) character file.

4977 Goblin1989 the Carver (level 10, 0/79 HPs)
             Began as a Barachian Fighter on Feb 26, 2017.
             Succumbed to Xinu's ghost's poison
             ... on level 8 of the Dungeon on Feb 28, 2017.
             The game lasted 00:23:19 (8861 turns).

Goblin1989 the Carver (Barachian Fighter)           Turns: 8861, Time: 00:23:20

Health: 0/79       AC: 12    Str: 26    XL:     10   Next: 53%
Magic:  10/10      EV: 11    Int: 10    God:
Gold:   323        SH: 11    Dex: 12    Spells: 8/9 levels left

rFire    . . .     SeeInvis +   a - +0 long sword
rCold    . . .     Gourm    .   x - +0 scale mail
rNeg     . . .     Faith    .   c - +0 shield
rPois    .         Spirit   .   (helmet restricted)
rElec    .         Reflect  .   (no cloak)
rCorr    .         Harm     +   A - +0 pair of gloves
MR       .....                  z - +0 pair of boots
Stlth    ..........             g - amulet of harm
Regen    0.3/turn               (no ring)
MPRegen  0.2/turn               s - ring of see invisible

@: mighty, lethally poisoned (0 -> -5), can't hop, slow
A: +LOS, swims, antennae 1, hooves 1, icy blue scales 1, clever 1, slowness 1,
evolution 1, strong legs 1
a: Hop


You were on level 8 of the Dungeon.
You were not hungry.

You visited 2 branches of the dungeon, and saw 9 of its levels.

You collected 323 gold pieces.

Inventory:

Hand Weapons
 a - a +0 long sword (weapon)
 b - a +0 hunting sling
Missiles
 f - 35 sling bullets
 m - 251 stones
 Z - a throwing net (quivered) {!d, =f}
Armour
 c - a +0 shield (worn)
 x - a +0 scale mail (worn)
 z - a +0 pair of boots (worn)
 A - a +0 pair of gloves (worn)
Jewellery
 g - an amulet of harm (around neck)
 s - a ring of see invisible (left hand)
Scrolls
 o - 4 scrolls of amnesia {unknown}
 r - 2 scrolls of remove curse {@r2}
 t - a scroll of fear {unknown}
 u - 2 scrolls of enchant armour {unknown}
 y - a scroll of recharging {unknown}
 B - a scroll of enchant weapon {unknown}
 E - a scroll of blinking {unknown}
 R - a scroll of identify {@r1}
 T - 4 scrolls of teleportation {!r, @r3}
Potions
 h - 2 potions of brilliance {unknown}
 k - 3 potions of resistance
 n - a potion of heal wounds {@q2, !q}
 p - a potion of invisibility
 v - a potion of haste
 w - a potion of magic {unknown}
 C - a potion of cancellation
 G - a potion of ambrosia {unknown}
Comestibles
 e - 6 bread rations {@e1}
 i - 4 royal jellies
 q - 5 meat rations {@e2}


   Skills:
 + Level 7.1 Fighting
 * Level 12.9 Long Blades
 + Level 7.5 Armour
 + Level 5.0 Dodging
 + Level 7.1 Shields


You had 8 spell levels left.
You knew the following spells:

 Your Spells              Type           Power        Failure   Level  Hunger
o - Apportation           Tloc           #.....       99%         1    ##.....


Dungeon Overview and Level Annotations

Branches:
Dungeon (8/15)             Temple (1/1) D:4
   Lair: D:8-11

Altars:
Ashenzari
Cheibriados
Dithmenos
Elyvilon
Fedhas
Gozag
Hepliaklqana
Kikubaaqudgha
Makhleb
Okawaru
Qazlal
Ru
Sif Muna
Trog
Uskayaw
Vehumet
Wu Jian
Yredelemnul
Zin
The Shining One

Shops:
D:6 }


Innate Abilities, Weirdness & Mutations

Shadows flee at your approach. (+LOS)
You can swim through water.
You cover ground slowly.
You can hop short distances.
You have a pair of small antennae on your head.
You have large cloven feet.
You are partially covered in icy blue scales. (AC +2)
Your mind is acute. (Int +2)
You evolve.


Message History

You barely miss Xinu's ghost.
Xinu's ghost is lightly damaged.
You feel sick.
Xinu's ghost hits you but does no damage.
You are more poisoned.
You take 1 damage, and have 29/77 hp.
You hit Xinu's ghost.
Xinu's ghost is moderately damaged.
You feel sick.
A two-headed ogre comes into view. It is wielding two giant clubs.
You take 1 damage, and have 28/77 hp.
The two-headed ogre shouts in stereo!
You slash Xinu's ghost!
Xinu's ghost is heavily damaged.
You feel sick. Xinu's ghost barely misses you.
You riposte.
You closely miss Xinu's ghost.
Xinu's ghost is heavily damaged.
You take 1 damage, and have 27/77 hp.
You hit Xinu's ghost.
Xinu's ghost is heavily damaged.
You feel sick. You block Xinu's ghost's attack.
You barely miss Xinu's ghost.
Xinu's ghost is heavily damaged.
You feel sick.
Xinu's ghost hits you but does no damage.
You take 2 damage, and have 25/77 hp.
You closely miss Xinu's ghost.
Xinu's ghost is heavily damaged.
You feel sick. Xinu's ghost hits you.
* * * LOW HITPOINT WARNING * * *
You are more poisoned.
You take 4 damage, and have 21/77 hp.
You barely miss the two-headed ogre.
You feel sick.
Xinu's ghost hits you but does no damage.
You are lethally poisoned!
You take 1 damage, and have 20/77 hp.
You hit the two-headed ogre.
The two-headed ogre is lightly wounded.
* * * LOW HITPOINT WARNING * * *
You feel sick. The two-headed ogre barely misses you.
The two-headed ogre hits you but does no damage.
You block Xinu's ghost's attack.
You take 2 damage, and have 18/77 hp.
Really quaff
n - 2 potions of heal wounds {@q2, !q}? [Y]es or [N]o only, please.
Really quaff
n - 2 potions of heal wounds {@q2, !q}?
Okay, then.
Hop to where?
Press: ? - help, Dir - move target cursor Boing!
* * * LOW HITPOINT WARNING * * *
You feel sick.
You take 1 damage, and have 17/77 hp.
* * * LOW HITPOINT WARNING * * *
You feel very sick.
Found a shadowy altar of Dithmenos and a hide-covered altar of Uskayaw.
You take 3 damage, and have 14/77 hp.
* * * LOW HITPOINT WARNING * * *
You feel sick.
You take 2 damage, and have 12/77 hp.
Okay, then.
Really quaff
n - 2 potions of heal wounds {@q2, !q}?
You feel much better.
You feel sick. Xinu's ghost closely misses you.
You riposte.
You miss Xinu's ghost.
Xinu's ghost is heavily damaged.
You regained 18 hp, and now have 30/77 hp.
You feel better.
Xinu's ghost says, "Your head would complement my pike nicely."
Xinu's ghost hits you!
* * * LOW HITPOINT WARNING * * *
You are poisoned.
You take 2 damage, and have 28/77 hp.
You slash Xinu's ghost!
Xinu's ghost is severely damaged.
You feel sick. You block Xinu's ghost's attack.
You take 1 damage, and have 27/77 hp.
You slash Xinu's ghost!
Xinu's ghost is almost destroyed.
You feel sick.
Xinu's ghost screams, "I was like you once."
You block Xinu's ghost's attack.
You take 1 damage, and have 26/77 hp.
You slash Xinu's ghost!
You destroy Xinu's ghost!
Your life force feels restored.
Your Fighting skill increases to level 7!
Your Dodging skill increases to level 5!
Your Shields skill increases to level 7!
You feel sick.
You slash the two-headed ogre!
The two-headed ogre is moderately wounded.
You feel sick.
The two-headed ogre hits you with a giant club!!
* * * LOW HITPOINT WARNING * * *
The two-headed ogre misses you.
You take 25 damage, and have 1/79 hp.
O_OOPS!!
MASSIVE DAMAGE!!
Unknown command.
You slice the two-headed ogre!!
The two-headed ogre is almost dead.
You die...

██ Ψ⌂.∆
Ψ⌂.∆..████████████
█...@O..))...████████
███.██.█.██..........
█.█.███.█.█.███████
█..█ █.███.█████ █.█
█.██ ██....█ ██ ██ ██
█<..█..█ .█ █...██ █
.. █.██..█ z█ ██
██...


You could see a two-headed ogre.

Vanquished Creatures
  The ghost of Xinu the Spear-Bearer, a novice DsWn of Okawaru (D:8)
  An unseen horror (D:7)
  The ghost of Sapher the Ruffian, a novice GrTm (D:7)
  Menkaure (D:6)
  Duvessa (D:6)
  A water moccasin (D:7)
  2 orc warriors (D:6)
  A sky beast (D:7)
  An ice beast (D:7)
  A phantom (D:3)
  8 ogres
  2 necrophages
  2 centaurs (D:5)
  2 bullfrogs
  A water moccasin zombie (D:5)
  Dowan (D:6)
  5 scorpions
  A killer bee (D:8)
  3 wights (D:8)
  A howler monkey (D:4)
  A crimson imp (D:5)
  2 bullfrog zombies
  2 jellies (D:5)
  The ghost of nono the Chucker, a weakling VSHu (D:4)
  3 hounds
  2 orc priests
  A bullfrog skeleton (D:4)
  3 iguanas
  10 orc wizards
  5 worker ants
  The ghost of Sapher the Ruffian, a weakling GrTm (D:3)
  2 hound skeletons
  3 gnolls (D:5)
  6 adders
  3 oozes
  An adder zombie (D:8)
  An adder skeleton (D:7)
  4 worms
  2 dart slugs (D:2)
  6 leopard geckos
  20 orcs
  A ball python (D:1)
  10 giant cockroaches
  6 goblins
  8 hobgoblins
  4 jackals
  2 quokkas
  9 bats
  8 frilled lizards
  A giant cockroach zombie (D:5)
  5 kobolds
  A quokka skeleton (D:4)
  5 rats
176 creatures vanquished.

Notes
Turn   | Place    | Note
-------+----------+-------------------------------------------
     0 | D:1      | Goblin1989 the Barachian Fighter began the quest for the Orb.
     0 | D:1      | Reached XP level 1. HP: 18/18 MP: 1/1
     0 | D:1      | Upgraded the game from 0.20-a0-754-g13ddd6e to 0.20-a0-792-g09bcfd3
   130 | D:1      | Reached skill level 3 in Long Blades
   142 | D:1      | Reached XP level 2. HP: 23/24 MP: 2/2
   559 | D:1      | Reached skill level 4 in Long Blades
   559 | D:1      | Reached XP level 3. HP: 29/29 MP: 3/3
  1033 | D:2      | Reached skill level 5 in Long Blades
  1106 | D:2      | Reached XP level 4. HP: 36/36 MP: 4/4
  1833 | D:3      | Noticed Sapher's ghost (weakling GrTm)
  2440 | D:3      | Killed Sapher's ghost
  2638 | D:3      | Reached skill level 6 in Long Blades
  2638 | D:3      | Reached XP level 5. HP: 41/41 MP: 5/5
  2905 | D:4      | Noticed a phantom
  2908 | D:4      | Noticed nono's ghost (weakling VSHu)
  2915 | D:3      | Killed a phantom
  2915 | D:3      | Reached skill level 7 in Long Blades
  2997 | D:4      | Killed nono's ghost
  2997 | D:4      | Reached XP level 6. HP: 46/47 MP: 6/6
  3077 | D:4      | Reached skill level 8 in Long Blades
  3404 | D:4      | Found a staircase to the Ecumenical Temple.
  3426 | Temple   | Entered the Ecumenical Temple
  3914 | D:4      | Reached XP level 7. HP: 52/52 MP: 7/7
  4087 | D:4      | Reached skill level 9 in Long Blades
  4221 | D:4      | Found a snail-covered altar of Cheibriados.
  5100 | D:4      | Reached XP level 8. HP: 59/60 MP: 8/8
  5105 | D:4      | Reached skill level 10 in Long Blades
  5124 | D:5      | Entered Level 5 of the Dungeon
  5372 | D:5      | Found a glowing silver altar of Zin.
  5458 | D:5      | Learned a level 1 spell: Apportation
  5525 | D:5      | Reached skill level 5 in Armour
  5545 | D:5      | Found a basalt altar of Yredelemnul.
  5639 | D:5      | Reached skill level 5 in Shields
  5870 | D:5      | Reached skill level 5 in Fighting
  6084 | D:5      | Reached skill level 1 in Dodging
  6236 | D:6      | Reached skill level 11 in Long Blades
  6239 | D:6      | Reached XP level 9. HP: 58/68 MP: 9/9
  6443 | D:6      | Found Ystruh's Gadget Shoppe.
  6552 | D:6      | Found an ornate altar of the Wu Jian Council.
  6554 | D:6      | Noticed Menkaure
  6569 | D:6      | Killed Menkaure
  6978 | D:6      | Noticed Duvessa
  6978 | D:6      | Noticed Dowan
  6990 | D:6      | Killed Duvessa
  6994 | D:6      | Killed Dowan
  7435 | D:7      | Found a shattered altar of Ashenzari.
  7497 | D:7      | Noticed Sapher's ghost (novice GrTm)
  7855 | D:7      | Killed Sapher's ghost
  7855 | D:7      | Reached skill level 12 in Long Blades
  8005 | D:7      | Reached XP level 10. HP: 53/77 MP: 10/10
  8339 | D:7      | Gained mutation: You are partially covered in icy blue scales. (AC +2) [mutagenic meat]
  8340 | D:7      | Gained mutation: Your mind is acute. (Int +2) [mutagenic meat]
  8341 | D:7      | Gained mutation: You have a pair of small antennae on your head. [mutagenic meat]
  8342 | D:7      | Gained mutation: You have large cloven feet. [mutagenic meat]
  8343 | D:7      | Gained mutation: You evolve. [mutagenic meat]
  8513 | D:7      | Noticed an unseen horror
  8523 | D:7      | Found an iron altar of Okawaru.
  8542 | D:7      | Killed an unseen horror
  8813 | D:8      | Noticed Xinu's ghost (novice DsWn)
  8846 | D:8      | Noticed a two-headed ogre
  8853 | D:8      | Found a shadowy altar of Dithmenos.
  8853 | D:8      | Found a hide-covered altar of Uskayaw.
  8859 | D:8      | Killed Xinu's ghost
  8859 | D:8      | Reached skill level 5 in Dodging
  8860 | D:8      | HP: 1/79 [two-headed ogre/giant club (24)]
  8861 | D:8      | Succumbed to Xinu's ghost's poison

Vault maps used:
D:1:      minmay_arrival_loop, minmay_tall_x
D:3:      serial_glass, glass_columns_c, glass_columns_c, glass_columns_a,
          glass_columns_b, interstate_on_off
D:4:      kennysheep_mini_moat, temple_fountains
D:5:      marbit_many_paths, first_bread, basic_altar
D:6:      basic_altar, serial_shops, shop, tgw_xom, uniq_menkaure, uniq_duvessa
D:7:      nicolae_overflow_hidden_temple, evilmike_ruin_ashenzari
D:8:      gammafunk_temple_overflow_pools, gammafunk_temple_overflow_wave
Temple:   eino_temple_water

Skill      XL: |  1  2  3  4  5  6  7  8  9 10 |
---------------+-------------------------------+-----
Long Blades    | 3 4 5 6 7 8 9 11 12 | 12.9
Fighting       | 4 5 6 7 |  7.1
Armour         | 4 5 6 7 |  7.5
Shields        | 5 6 7 |  7.1
Dodging        | 1 3 5 |  5.0

Action                   |  1- 3 |  4- 6 |  7- 9 | 10-12 || total
-------------------------+-------+-------+-------+-------++-------
Melee: Long sword        |   122 |   140 |   395 |   122 ||   779
 Fire: Hunting sling     |       |     7 |    20 |       ||    27
 Abil: Hop               |       |       |       |     1 ||     1
  Use: Scroll            |       |     3 |     6 |       ||     9
       Potion            |       |       |       |     3 ||     3
  Eat: Chunk             |     1 |     9 |    13 |     8 ||    31
       Fruit             |       |     1 |       |       ||     1
       Royal jelly       |       |       |     1 |       ||     1
Armor: Scale mail        |    68 |    54 |    91 |    42 ||   255
Dodge: Dodged            |    40 |    31 |    83 |    38 ||   192
Block: Shield            |    73 |    76 |   134 |    50 ||   333
       Rpst.: Long sword |     8 |    11 |    23 |    14 ||    56

Vault maps used:
D:1:      minmay_arrival_loop, minmay_tall_x
D:3:      serial_glass, glass_columns_c, glass_columns_c, glass_columns_a,
          glass_columns_b, interstate_on_off
D:4:      kennysheep_mini_moat, temple_fountains
D:5:      marbit_many_paths, first_bread, basic_altar
D:6:      basic_altar, serial_shops, shop, tgw_xom, uniq_menkaure, uniq_duvessa
D:7:      nicolae_overflow_hidden_temple, evilmike_ruin_ashenzari
D:8:      gammafunk_temple_overflow_pools, gammafunk_temple_overflow_wave
Temple:   eino_temple_water
